 Dungeon Crawl Stone Soup version 0.27-a0-860-gaf99fae3ca (webtiles) character file.

Game seed: 12178191853034253390

1787 pokeman the Thaumaturge (level 8, -2/44 HPs)
             Began as a Deep Elf Hedge Wizard on Apr 1, 2021.
             Was an Initiate of Vehumet.
             Slain by an ice beast (21 damage)
             ... on level 6 of the Dungeon.
             The game lasted 00:16:13 (6319 turns).

pokeman the Thaumaturge (Deep Elf Hedge Wizard)     Turns: 6319, Time: 00:16:14

Health: -2/44      AC:  6    Str:  7    XL:     8   Next: 82%
Magic:  11/24      EV: 12    Int: 22    God:    Vehumet [......]
Gold:   339        SH:  0    Dex: 14    Spells: 15/27 levels left

rFire    + . .     SeeInvis .   A - +4 whip (elec)
rCold    x . .     Faith    .   (no shield)
rNeg     . . .     Spirit   .   t - +0 leather armour
rPois    .         Reflect  .   u - +0 helmet
rElec    .         Harm     .   (no cloak)
rCorr    .         Rampage  .   y - +0 pair of gloves
Will     .....                  m - +0 pair of boots
Stlth    ++........             d - amulet of regeneration
HPRegen  1.14/turn              D - ring of fire
MPRegen  0.19/turn              c - ring of wizardry

@: no status effects
A: no striking features
a: Renounce Religion


You were on level 6 of the Dungeon.
You worshipped Vehumet.
Vehumet was noncommittal.
You visited 2 branches of the dungeon, and saw 7 of its levels.
You also visited: Sewer.

You collected 394 gold pieces.
You spent 55 gold pieces at shops.

Inventory:

Hand Weapons
 h - a +0 dagger of venom
 p - a +0 hand crossbow
 A - a +4 whip of electrocution (weapon)
Missiles
 b - 79 arrows
 n - 5 curare-tipped darts
 q - 81 bolts
Armour
 m - a +0 pair of boots (worn)
 t - a +0 leather armour (worn)
 u - a +0 helmet (worn)
 v - a +3 ring mail of cold resistance
 y - a +0 pair of gloves (worn)
 F - a +0 buckler
Jewellery
 c - a ring of wizardry (right hand)
 d - an amulet of regeneration (around neck)
 e - a ring of see invisible
 D - a ring of fire (left hand)
Wands
 w - a wand of charming (6)
 E - a wand of digging (3)
Scrolls
 a - 3 scrolls of teleportation {unknown}
 k - 2 scrolls of immolation {unknown}
 l - 7 scrolls of identify
 o - 4 scrolls of noise {unknown}
 z - 2 scrolls of fog {unknown}
 B - a scroll of silence {unknown}
 C - a scroll of magic mapping {unknown}
Potions
 f - 2 potions of mutation {unknown}
 g - 4 potions of flight {unknown}
 i - 3 potions of curing
 j - 3 potions of heal wounds {unknown}
 r - a potion of magic {unknown}
 s - a potion of attraction {unknown}
 x - a potion of resistance {unknown}


   Skills:
 - Level 2.0 Fighting
 + Level 2.9 Armour
 - Level 3.2 Dodging
 - Level 2.4 Stealth
 * Level 10.3 Spellcasting
 + Level 5.5 Conjurations
 - Level 1.1 Summonings
 - Level 1.1 Translocations
 + Level 4.8 Fire Magic
 - Level 1.0 Air Magic
 - Level 1.2 Poison Magic
 - Level 1.0 Evocations


You had 15 spell levels left.
You knew the following spells:

 Your Spells              Type           Power      Damage    Failure   Level
a - Magic Dart            Conj           100%       1d8       1%          1
b - Mephitic Cloud        Conj/Pois/Air  22%        N/A       3%          3
c - Call Imp              Summ           16%        N/A       3%          2
d - Blink                 Tloc           N/A        N/A       3%          2
e - Conjure Flame         Conj/Fire      50%        6-21      1%          3
f - Apportation           Tloc           32%        N/A       2%          1

Your spell library contained the following spells:

 Spells                   Type           Power      Damage    Failure   Level
 Summon Small Mammal      Summ           64%        N/A       2%          1
 Animate Skeleton         Necr           22%        N/A       3%          1
 Corona                   Hex            12%        N/A       3%          1
 Slow                     Hex            11%        N/A       5%          2
 Gell's Gravitas          Tloc           8%         N/A       6%          3
 Confusing Touch          Hex            11%        N/A       11%         3
 Petrify                  Tmut/Erth      11%        N/A       32%         4
 Metabolic Englaciation   Hex/Ice        5%         N/A       65%         5
 Yara's Violent Unravell  Hex/Tmut       5%         3d4       65%         5
 Chain Lightning          Conj/Air       12%        N/A       100%        8
 Lehudib's Crystal Spear  Conj/Erth      11%        10d4      100%        8
 Absolute Zero            Ice            5%         ∞         100%        9
 Fire Storm               Conj/Fire      25%        8d6       100%        9


Dungeon Overview and Level Annotations

Branches:
Dungeon (6/15)             Temple (1/1) D:5           Sewer (visited)

Altars:
Ashenzari
Dithmenos
Fedhas
Kikubaaqudgha
Ru
Vehumet
Xom

Shops:
D:2 [*(


Message History

Confirm with . or Enter, or press ? or * to list all spells.
Aiming: Magic Dart (safe; 1% risk of failure)
Press: ? - help, Shift-Dir - straight line, f/p - ice beast
Aim: an ice beast (heavily wounded, 0% to evade)
The magic dart hits the ice beast.
The ice beast is severely wounded.
The ice beast barely misses you.
Casting: Magic Dart (safe; 1% risk of failure)
Confirm with . or Enter, or press ? or * to list all spells.
Aiming: Magic Dart (safe; 1% risk of failure)
Press: ? - help, Shift-Dir - straight line, f/p - ice beast
Aim: an ice beast (severely wounded, 0% to evade)
The magic dart hits the ice beast.
The ice beast is severely wounded.
The ice beast hits you but does no damage.
Casting: Magic Dart (safe; 1% risk of failure)
Confirm with . or Enter, or press ? or * to list all spells.
Aiming: Magic Dart (safe; 1% risk of failure)
Press: ? - help, Shift-Dir - straight line, f/p - ice beast
Aim: an ice beast (severely wounded, 0% to evade)
The magic dart hits the ice beast.
The ice beast is almost dead.
The ice beast hits you. The ice beast freezes you!
You feel a terrible chill!
Casting: Magic Dart (safe; 1% risk of failure)
Confirm with . or Enter, or press ? or * to list all spells.
Aiming: Magic Dart (safe; 1% risk of failure)
Press: ? - help, Shift-Dir - straight line, f/p - ice beast
Aim: an ice beast (almost dead, 0% to evade)
The magic dart hits the ice beast.
The ice beast is almost dead.
The ice beast hits you. The ice beast freezes you!
You feel a terrible chill!
Casting: Magic Dart (safe; 1% risk of failure)
Confirm with . or Enter, or press ? or * to list all spells.
Aiming: Magic Dart (safe; 1% risk of failure)
Press: ? - help, Shift-Dir - straight line, f/p - ice beast
Aim: an ice beast (almost dead, 0% to evade)
The magic dart hits the ice beast but does no damage.
The ice beast is almost dead.
The ice beast hits you. The ice beast freezes you!!
You feel a terrible chill!
You die...

#.........#####
#.#######.....# #.# ###
#.....#
#####.#######.....#
#.......+_+...#####
......###+###.######..
##.#>.# .# #.........
....#.###.###..#######
#...#...........@....#
#...#............Y...#
##..###.#.#...#......#
#.........>...#......#
#.#..#........#..##....
..#..#..[.........
.###.
.....##......#...#. #
..#..........#..$#
..#..##......#


You could see an ice beast.

Vanquished Creatures
  Sigmund (D:3)
  Eustachio (D:6)
  A black bear (D:5)
  2 sky beasts
  A necrophage (D:5)
  2 ogres
  The ghost of Faron the Skirmisher, an amateur DsAK of Lugonu (D:4)
  A phantom (D:6)
  A kobold brigand (Sewer)
  A bullfrog (D:4)
  A gnoll sergeant (D:5)
  A water moccasin zombie (D:6)
  A scorpion (D:5)
  A bullfrog zombie (D:6)
  3 hounds
  An orc priest (D:5)
  Terence (D:3)
  A hound zombie (D:5)
  A howler monkey zombie (D:6)
  Robin (D:3)
  8 gnolls
  3 river rats
  7 adders
  A shadow imp (D:6)
  An ufetubus (D:6)
  2 worms
  6 dart slugs
  6 orcs
  3 ball pythons
  6 bats
  9 endoplasms
  3 giant cockroaches
  20 goblins
  13 hobgoblins
  2 jackals (Sewer)
  4 quokkas
  A frilled lizard (D:2)
  12 kobolds
  10 rats
141 creatures vanquished.

Notes
Turn   | Place    | Note
-------+----------+-------------------------------------------
     0 | D:1      | pokeman the Deep Elf Hedge Wizard began the quest for the
                  | Orb.
     0 | D:1      | Reached XP level 1. HP: 10/10 MP: 7/7
   193 | D:1      | Reached XP level 2. HP: 16/16 MP: 5/9
   284 | D:1      | Found a faded altar of an unknown god.
   799 | D:1      | Reached skill level 5 in Spellcasting
  1070 | D:1      | Reached XP level 3. HP: 15/20 MP: 8/11
  1088 | D:1      | Learned a level 3 spell: Mephitic Cloud
  1091 | D:1      | Learned a level 2 spell: Call Imp
  1094 | D:1      | Learned a level 2 spell: Blink
  1098 | D:1      | Learned a level 3 spell: Conjure Flame
  1100 | D:1      | Learned a level 1 spell: Apportation
  1518 | D:2      | Reached skill level 1 in Fighting
  1563 | D:2      | Found Gicweite's General Store.
  1565 | D:2      | Found Usasuess's Weapon Shop.
  1568 | D:2      | Bought a potion of curing for 33 gold pieces
  1568 | D:2      | Bought a scroll of identify for 22 gold pieces
  1617 | D:2      | Reached skill level 1 in Armour
  1690 | D:2      | You fall into a shaft and drop 2 floors!
  1845 | D:4      | Found a sacrificial altar of Ru.
  1854 | D:4      | Reached XP level 4. HP: 22/25 MP: 8/13
  1863 | D:4      | Noticed an ogre
  1946 | D:4      | Found a glowing drain.
  1954 | Sewer    | Entered a sewer
  1962 | Sewer    | Reached skill level 1 in Fire Magic
  2065 | Sewer    | Noticed a kobold brigand
  2082 | Sewer    | Killed a kobold brigand
  2083 | Sewer    | Reached skill level 6 in Spellcasting
  2083 | Sewer    | Reached XP level 5. HP: 29/29 MP: 5/15
  2163 | Sewer    | Found a glowing silver altar of Zin.
  2354 | D:4      | Killed an ogre
  2355 | D:4      | Reached skill level 1 in Air Magic
  2355 | D:4      | Reached skill level 1 in Poison Magic
  2355 | D:4      | Reached XP level 6. HP: 21/34 MP: 1/17
  2445 | D:4      | Reached skill level 7 in Spellcasting
  2550 | D:4      | Found a runed translucent door.
  2576 | D:4      | Noticed Faron's ghost (amateur DsAK)
  2671 | D:3      | Noticed Robin
  2734 | D:3      | Noticed Terence
  2742 | D:3      | Killed Terence
  2746 | D:3      | Killed Robin
  2844 | D:3      | Found a shadowy altar of Dithmenos.
  2934 | D:2      | Found Kiept's Armour Shop.
  3388 | D:3      | Noticed Sigmund
  3399 | D:3      | Killed Sigmund
  3400 | D:3      | Reached XP level 7. HP: 39/39 MP: 14/20
  3691 | D:3      | Found a broken altar of Ashenzari.
  4575 | D:4      | Killed Faron's ghost
  4576 | D:4      | Reached skill level 8 in Spellcasting
  4576 | D:4      | Reached skill level 1 in Evocations
  4714 | D:5      | Entered Level 5 of the Dungeon
  4883 | D:5      | Found a staircase to the Ecumenical Temple.
  4892 | Temple   | Entered the Ecumenical Temple
  4931 | Temple   | Became a worshipper of Vehumet
  5523 | D:5      | Reached skill level 9 in Spellcasting
  5523 | D:5      | Reached XP level 8. HP: 44/44 MP: 17/23
  5880 | D:6      | Reached skill level 5 in Conjurations
  5996 | D:6      | Noticed Eustachio
  6004 | D:6      | Killed Eustachio
  6005 | D:6      | Reached skill level 10 in Spellcasting
  6287 | D:6      | Found an ancient bone altar of Kikubaaqudgha.
  6319 | D:6      | Slain by an ice beast

Illustrated notes

Levels and vault maps discovered:
D:1:      ebering_hopf_link, layout_loops_ring, basic_ecumenical_altar,
          minivault_4, minmay_tromino_mix6
D:2:      layout_basic, serial_shops, shop_fountains, shop_fountains, shop
D:3:      minmay_chambers_of_twos, layout_loops_ring, lemuel_crystal_altar,
          lemuel_tele_altar, chequers_serial_rivers_micro_d, uniq_terence,
          uniq_sigmund, uniq_robin
D:4:      layout_basic, nicolae_ru_awakened_eye, ebering_ghost_sewer_d,
          lightli_sewer_entry_pipes
D:5:      layout_cave_pods, minmay_temple_entry_ruins
D:6:      minmay_chambers_of_fours, layout_basic, lemuel_doored_altar,
          grunt_ministairs_8, minmay_guarded_unrand_staff_of_olgreb,
          uniq_eustachio
Temple:   regret_index_temple_generic_petals

Skill      XL: |  1  2  3  4  5  6  7  8 |
---------------+-------------------------+-----
Spellcasting   | 5 6 7 9 10 | 10.3
Fighting       | 1 2 |  2.0
Armour         | 1 2 |  2.9
Conjurations   | 2 3 4 5 |  5.5
Fire Magic     | 1 2 3 4 |  4.8
Dodging        | 3 |  3.2
Air Magic      | 1 |  1.0
Poison Magic   | 1 |  1.2
Evocations     | 1 |  1.0
Stealth        | |  2.4
Summonings     | |  1.1
Translocations | |  1.1

Action                   |  1- 3 |  4- 6 |  7- 9 || total
-------------------------+-------+-------+-------++-------
Melee: Dagger            |    45 |    83 |    25 ||   153
       Whip              |       |       |    11 ||    11
 Fire: Hand crossbow     |       |       |    21 ||    21
 Cast: Magic Dart        |    90 |    80 |   131 ||   301
       Mephitic Cloud    |     1 |     9 |     9 ||    19
       Conjure Flame     |       |     1 |     7 ||     8
       Call Imp          |       |       |     3 ||     3
 Stab: Confused          |       |     7 |     1 ||     8
Armor: Robe              |     8 |     8 |       ||    16
       Leather armour    |       |     1 |    16 ||    17
Dodge: Dodged            |    24 |    44 |    43 ||   111

Table legend: (Time is in decaauts)
 A = Elapsed time spent in this place.
 B = Non-inter-level travel time spent in this place.
 C = Inter-level travel time spent in this place.
 D = Time resting spent in this place.
 E = Time spent auto-exploring this place.
 F = Levels seen in this place.
 G = Mean time per level.
                   A        B        C        D        E       F      G
               +--------+--------+--------+--------+--------+-----+--------+
         Total |   6393 |   6225 |    168 |    135 |   4851 |   8 |  799.1 |
       Dungeon |   6054 |   5911 |    143 |    106 |   4642 |   6 | 1009.0 |
        Temple |     65 |     40 |     25 |      0 |     31 |   1 |   65.0 |
         Sewer |    273 |    273 |      0 |     29 |    178 |   1 |  273.0 |
               +--------+--------+--------+--------+--------+-----+--------+

Top non-repeatable levels by time:
     D:1: 1313 daAuts
     D:4: 1231 daAuts
     D:3: 1157 daAuts
     D:5: 1082 daAuts
     D:2: 815 daAuts
     D:6: 455 daAuts
   Sewer: 273 daAuts
  Temple: 65 daAuts
